 Dungeon Crawl Stone Soup version 0.21.1-1-g345015f (webtiles) character file.

184 tidbits the Grave Robber (level 5, 0/55 HPs)
             Began as a Gnoll Necromancer on June 13, 2018.
             Slain by a bullfrog (4 damage)
             ... in a sewer.
             The game lasted 00:07:47 (550 turns).

tidbits the Grave Robber (Gnoll Necromancer)         Turns: 550, Time: 00:07:48

Health: 0/55       AC:  5    Str: 15    XL:     5   Next: 63%
Magic:  3/12       EV: 15    Int: 19    God:
Gold:   46         SH:  0    Dex: 15    Spells: 6/14 levels left

rFire    . . .     SeeInvis .   a - +0 short sword
rCold    + . .     Gourm    .   (no shield)
rNeg     . . .     Faith    .   B - +2 robe {rC+}
rPois    .         Spirit   .   E - +0 helmet
rElec    .         Reflect  .   (no cloak)
rCorr    .         Harm     .   (no gloves)
MR       .....                  (no boots)
Stlth    ..........             (no amulet)
HPRegen  0.18/turn              (no ring)
MPRegen  0.13/turn              (no ring)

@: berserking (expiring), very quick
A: distributed training, fangs 1, strong nose
a: no special abilities


You were in a sewer.
You were not hungry.

You visited 1 branch of the dungeon, and saw 3 of its levels.
You also visited: Sewer.

You collected 46 gold pieces.

Inventory:

Hand Weapons
 a - a +0 short sword (weapon)
Missiles
 k - 18 poisoned needles
 l - 25 stones (quivered)
Armour
 m - a +0 robe
 B - a +2 robe of cold resistance (worn)
   (You found it on level 2 of the Dungeon)
 E - a +0 helmet (worn)
Scrolls
 f - a scroll of teleportation {unknown}
 g - a scroll of remove curse {unknown}
 i - 2 scrolls of immolation {unknown}
 j - a scroll of identify {unknown}
Potions
 h - a potion of heal wounds {unknown}
Books
 b - a book of Necromancy

   Spells                             Type                      Level
   a - Pain                           Necromancy                   1
   b - Animate Skeleton               Necromancy                   1
   c - Vampiric Draining              Necromancy                   3
   d - Regeneration                   Charms/Necromancy            3
   e - Animate Dead                   Necromancy                   4
   f - Borgnjor's Vile Clutch         Necromancy/Earth             5
Comestibles
 c - 2 rations


   Skills:
 + Level 1.5 Fighting
 + Level 1.5 Short Blades
 + Level 1.5 Long Blades
 + Level 1.5 Axes
 + Level 1.5 Maces & Flails
 + Level 1.5 Polearms
 + Level 1.5 Staves
 + Level 1.5 Slings
 + Level 1.5 Bows
 + Level 1.5 Crossbows
 + Level 1.5 Throwing
 + Level 1.5 Armour
 + Level 4.8 Dodging
 + Level 4.4 Stealth
 + Level 1.5 Shields
 + Level 1.5 Unarmed Combat
 + Level 5.2 Spellcasting
 + Level 1.2 Conjurations
 + Level 1.2 Hexes
 + Level 1.2 Charms
 + Level 1.2 Summonings
 + Level 7.2 Necromancy
 + Level 1.2 Translocations
 + Level 1.2 Transmutations
 + Level 1.2 Fire Magic
 + Level 1.2 Ice Magic
 + Level 1.2 Air Magic
 + Level 1.2 Earth Magic
 + Level 1.2 Poison Magic
 + Level 1.7 Invocations
 + Level 1.5 Evocations


You had 6 spell levels left.
You knew the following spells:

 Your Spells              Type           Power        Failure   Level  Hunger
a - Pain                  Necr           ####         1%          1    None
d - Vampiric Draining     Necr           ####......   1%          3    ##.....
n - Animate Skeleton      Necr           N/A          1%          1    None
r - Regeneration          Chrm/Necr      ###.......   6%          3    ##.....


Dungeon Overview and Level Annotations

Branches:
Dungeon (3/15)

Altars:
Makhleb
Ru


Innate Abilities, Weirdness & Mutations

Your experience applies equally to all skills.
You have very sharp teeth.
Your uncanny sense of smell can sniff out nearby items.


Message History

Press: ? - help, Shift-Dir - straight line, f - adder
Aim: an adder (resting, chance to defeat MR: 89%)
The adder writhes in agony!
Casting: Pain
Confirm with . or Enter, or press ? or * to list all spells.
Aiming: Pain
Press: ? - help, Shift-Dir - straight line, f/p - adder
Aim: an adder (lightly wounded, chance to defeat MR: 89%)
The adder writhes in agony!
You swap places.
You enter the shallow water.
Moving in this stuff is going to be slow.
The adder barely misses your frilled lizard skeleton.
The adder bites your frilled lizard skeleton.
Your frilled lizard skeleton bites the adder.
The adder dies!
You have reached level 5!
You enter the shallow water.
Moving in this stuff is going to be slow.
You enter the shallow water.
Moving in this stuff is going to be slow.
Found five items.
Unknown command.
Unknown command.
A ball python, a bullfrog and a giant cockroach come into view.
The bullfrog gives a loud, deep croak!
The ball python bites you but does no damage.
The ball python misses you.
A bullfrog comes into view.
You swap places.
The ball python bites your frilled lizard skeleton.
The ball python grabs your frilled lizard skeleton.
The ball python constricts your frilled lizard skeleton.
Your frilled lizard skeleton bites the ball python.
The ball python bites your frilled lizard skeleton.
The ball python constricts your frilled lizard skeleton.
Your frilled lizard skeleton is destroyed!
The bullfrog hits you.
* * * LOW HITPOINT WARNING * * *
The ball python bites your leopard gecko skeleton.
The ball python barely misses your leopard gecko skeleton.
Something hits your leopard gecko skeleton.
Your leopard gecko skeleton is destroyed!
The bullfrog hits you.
* * * LOW HITPOINT WARNING * * *
Casting: Pain
Confirm with . or Enter, or press ? or * to list all spells.
Aiming: Vampiric Draining
Press: ? - help, Shift-Dir - straight line, f - bullfrog
Aim: a bullfrog The bullfrog is moderately wounded.
You feel life coursing into your body. The bullfrog closely misses you. x2
It was a potion of berserk rage.
A red film seems to cover your vision as you go berserk!
You feel yourself moving faster!
You feel mighty!
The ball python barely misses you. x2; The bullfrog hits you!
* * * LOW HITPOINT WARNING * * *
You barely miss the bullfrog.
The bullfrog is moderately wounded.
The ball python bites you but does no damage.
The ball python grabs you.
* * * LOW HITPOINT WARNING * * *
The ball python constricts you. The bullfrog barely misses you.
You hit the ball python.
You kill the ball python!
The bullfrog hits you but does no damage.
The bullfrog hits you.
* * * LOW HITPOINT WARNING * * *
You closely miss the bullfrog.
The bullfrog is moderately wounded.
The bullfrog hits you.
* * * LOW HITPOINT WARNING * * *
The bullfrog barely misses you.
You miss the bullfrog.
The bullfrog is moderately wounded.
The bullfrog hits you.
* * * LOW HITPOINT WARNING * * *
The bullfrog barely misses you.
You closely miss the bullfrog.
The bullfrog is moderately wounded.
The bullfrog closely misses you. The bullfrog barely misses you.
You puncture the bullfrog!
The bullfrog is severely wounded.
The bullfrog closely misses you. The bullfrog completely misses you.
You barely miss the bullfrog.
The bullfrog is severely wounded.
The bullfrog barely misses you. The bullfrog misses you.
You hit the bullfrog.
The bullfrog is almost dead.
The bullfrog misses you. The bullfrog barely misses you.
You puncture the bullfrog!
You kill the bullfrog!
The bullfrog hits you.
* * * LOW HITPOINT WARNING * * *
You puncture the bullfrog!
The bullfrog is moderately wounded.
The bullfrog misses you.
You puncture the bullfrog!
The bullfrog is almost dead.
The giant cockroach barely misses you. The bullfrog hits you.
You die...

#..#≈≈.#≈≈## ##Z≈#≈%≈
#≈≈#.###≈≈#≈≈≈≈≈≈≈#≈≈##≈≈
#≈≈#≈#≈≈.##≈.≈≈≈≈≈##≈≈#≈≈
#.≈#≈#∩≈≈#≈≈≈≈≈.≈≈≈#≈≈#≈.
#≈≈#≈#..≈#≈≈≈s..≈≈≈#%†#.≈
#≈.#%##≈≈#.≈.≈..≈.≈#≈≈#≈≈
#≈≈#.≈#≈≈#≈F.≈)..≈≈#≈≈#≈≈
#≈.#≈.#≈.#≈≈≈(!$.≈≈#≈≈#.≈
#≈≈≈.≈#.@##≈.≈?..≈##.≈#≈.
#≈≈≈≈≈#.Fs≈.≈≈..≈≈#≈≈##≈≈
#.≈≈≈≈###≈≈≈≈≈≈≈≈##≈≈#.≈≈
#######†###≈≈≈.≈##≈.≈#≈≈#
#≈.†≈≈#######≈≈≈##≈≈#
#..≈≈≈≈≈≈.†.≈.≈≈#≈†≈#
##≈≈##..≈≈%≈≈≈≈##..##
##≈≈##.≈≈≈≈≈≈##≈≈.#
#≈≈≈###≈.≈###≈≈.≈#


You could see a bullfrog and a giant cockroach.

Vanquished Creatures
  A bullfrog (Sewer)
  4 adders
  An ooze (Sewer)
  A worm (D:2)
  13 leopard geckos (Sewer)
  9 ball pythons (Sewer)
  2 giant cockroaches (Sewer)
  A hobgoblin (D:2)
  A bat (D:2)
  4 frilled lizards (Sewer)
  4 rats
41 creatures vanquished.

Vanquished Creatures (collateral kills)
  An adder (Sewer)
  4 oozes (Sewer)
  2 ball pythons (Sewer)
  A giant cockroach (Sewer)
  4 frilled lizards (Sewer)
12 creatures vanquished.

Grand Total: 53 creatures vanquished

Notes
Turn   | Place    | Note
-------+----------+-------------------------------------------
     0 | D:1      | tidbits the Gnoll Necromancer began the quest for the Orb.
     0 | D:1      | Reached XP level 1. HP: 13/13 MP: 6/6
    84 | D:2      | Found a burning altar of Makhleb.
    84 | D:2      | Noticed a blizzard demon
   100 | D:2      | Reached XP level 2. HP: 16/20 MP: 2/7
   103 | D:2      | Learned a level 1 spell: Animate Skeleton
   127 | D:2      | Found a sacrificial altar of Ru.
   212 | D:3      | Found a glowing drain.
   223 | Sewer    | Entered a sewer
   254 | Sewer    | Reached XP level 3. HP: 14/25 MP: 2/9
   260 | Sewer    | Learned a level 3 spell: Vampiric Draining
   264 | Sewer    | Learned a level 3 spell: Regeneration
   273 | Sewer    | Reached skill level 5 in Spellcasting
   354 | Sewer    | Reached skill level 1 in Invocations
   378 | Sewer    | Reached skill level 1 in Fighting
   378 | Sewer    | Reached skill level 1 in Short Blades
   378 | Sewer    | Reached skill level 1 in Long Blades
   378 | Sewer    | Reached skill level 1 in Axes
   378 | Sewer    | Reached skill level 1 in Maces & Flails
   378 | Sewer    | Reached skill level 1 in Polearms
   378 | Sewer    | Reached skill level 1 in Staves
   378 | Sewer    | Reached skill level 1 in Slings
   378 | Sewer    | Reached skill level 1 in Bows
   378 | Sewer    | Reached skill level 1 in Crossbows
   378 | Sewer    | Reached skill level 1 in Throwing
   378 | Sewer    | Reached skill level 1 in Armour
   378 | Sewer    | Reached skill level 1 in Shields
   378 | Sewer    | Reached skill level 1 in Unarmed Combat
   378 | Sewer    | Reached skill level 1 in Evocations
   393 | Sewer    | Reached XP level 4. HP: 23/32 MP: 0/11
   464 | Sewer    | Reached skill level 1 in Conjurations
   464 | Sewer    | Reached skill level 1 in Hexes
   464 | Sewer    | Reached skill level 1 in Charms
   464 | Sewer    | Reached skill level 1 in Summonings
   464 | Sewer    | Reached skill level 1 in Translocations
   464 | Sewer    | Reached skill level 1 in Transmutations
   464 | Sewer    | Reached skill level 1 in Fire Magic
   464 | Sewer    | Reached skill level 1 in Ice Magic
   464 | Sewer    | Reached skill level 1 in Air Magic
   464 | Sewer    | Reached skill level 1 in Earth Magic
   464 | Sewer    | Reached skill level 1 in Poison Magic
   518 | Sewer    | Reached XP level 5. HP: 13/37 MP: 1/12
   543 | Sewer    | HP: 4/55 [bullfrog (3)]
   548 | Sewer    | HP: 4/55 [bullfrog (1)]
   550 | Sewer    | Slain by a bullfrog

Skill      XL: |  1  2  3  4 |
---------------+-------------+-----
Spellcasting   | 5 |  5.2
Invocations    | 1 |  1.7
Fighting       | 1 |  1.5
Short Blades   | 1 |  1.5
Long Blades    | 1 |  1.5
Axes           | 1 |  1.5
Maces & Flails | 1 |  1.5
Polearms       | 1 |  1.5
Staves         | 1 |  1.5
Slings         | 1 |  1.5
Bows           | 1 |  1.5
Crossbows      | 1 |  1.5
Throwing       | 1 |  1.5
Armour         | 1 |  1.5
Shields        | 1 |  1.5
Unarmed Combat | 1 |  1.5
Evocations     | 1 |  1.5
Conjurations   | 1 |  1.2
Hexes          | 1 |  1.2
Charms         | 1 |  1.2
Summonings     | 1 |  1.2
Translocations | 1 |  1.2
Transmutations | 1 |  1.2
Fire Magic     | 1 |  1.2
Ice Magic      | 1 |  1.2
Air Magic      | 1 |  1.2
Earth Magic    | 1 |  1.2
Poison Magic   | 1 |  1.2
Dodging        | |  4.8
Stealth        | |  4.4
Necromancy     | |  7.2

Action                   |  1- 3 |  4- 6 || total
-------------------------+-------+-------++-------
Melee: Unarmed           |     2 |       ||     2
       Short sword       |    22 |    42 ||    64
       Bite              |     3 |     2 ||     5
Throw: Stone             |     2 |     1 ||     3
 Cast: Pain              |    35 |    16 ||    51
       Animate Skeleton  |     3 |     3 ||     6
       Regeneration      |     1 |       ||     1
       Vampiric Draining |       |     1 ||     1
  Use: Potion            |     1 |     1 ||     2
 Stab: Sleeping          |     2 |     1 ||     3
       Distracted        |       |     1 ||     1
Armor: Robe              |     8 |    10 ||    18
Dodge: Dodged            |    14 |    60 ||    74

Table legend:
 A = Turns spent in this place as a percentage of turns spent in the entire game.
 B = Non-inter-level travel turns spent in this place as a percentage of non-inter-level travel turns spent in the entire game.
 C = Inter-level travel turns spent in this place as a percentage of turns spent in this place.
 D = Turns resting spent in this place as a percentage of non-inter-level travel turns spent in this place.
 E = Turns spent auto-exploring this place as a percentage of non-inter-level travel turns spent in this place.
 F = Non-inter-level travel turns spent in this place divided by the number of levels of this place that you've seen.
                   A       B       C       D       E      F
               +-------+-------+-------+-------+-------+----------------------
         Total | 100.0 | 100.0 |   0.0 |   0.7 |   0.0 | 137.5
       Dungeon |  40.5 |  40.5 |   0.0 |   0.0 |   0.0 |  74.3
         Sewer |  59.5 |  59.5 |   0.0 |   1.2 |   0.0 | 327.0
               +-------+-------+-------+-------+-------+----------------------

Table legend:
 A = Kills in this place as a percentage of kills in entire the game.
 B = Kills by you in this place as a percentage of kills by you in the entire game.
 C = Kills by friends in this place as a percentage of kills by friends in the entire game.
 D = Other kills in this place as a percentage of other kills in the entire game.
 E = Experience gained in this place as a percentage of experience gained in the entire game.
 F = Experience gained in this place divided by the number of levels of this place that you have seen.
                   A       B       C       D       E      F
               +-------+-------+-------+-------+-------+----------------------
         Total | 100.0 | 100.0 | 100.0 |   N/A | 100.0 |  65.8
       Dungeon |  15.1 |  19.5 |   0.0 |   N/A |   9.1 |   8.0
         Sewer |  84.9 |  80.5 | 100.0 |   N/A |  90.9 | 239.0
               +-------+-------+-------+-------+-------+----------------------

Vault maps used:
D:1:      kilobyte_arrival_exit_the_forest
D:2:      nicolae_ru_sacrificial_ziggurat, makhleb_altar_promises_db,
          ashenzari_altar_1
D:3:      chequers_temple_overflow_statue_of_worship, lemuel_crystal_altar,
          portal_sewer_entry_a, kennysheep_path_1, uniq_jessica, uniq_robin,
          uniq_purgy
Sewer:    sewer_frog_island_02
